 Dungeon Crawl Stone Soup version 0.22.0-49-gab54619 (webtiles) character file.

219 inc the Shield-Bearer (level 5, -2/36 HPs)
             Began as an Octopode Fighter on Sept 6, 2018.
             Killed from afar by an orc wizard (8 damage)
             ... with a magic dart
             ... on level 2 of the Dungeon.
             The game lasted 00:03:40 (2287 turns).

inc the Shield-Bearer (Octopode Fighter)            Turns: 2287, Time: 00:03:41

Health: -2/36      AC:  1    Str: 15    XL:     5   Next: 96%
Magic:  5/5        EV: 12    Int: 12    God:
Gold:   134        SH: 10    Dex: 11    Spells: 4/4 levels left

rFire    . . .     SeeInvis .     - Unarmed
rCold    . . .     Gourm    .   a - +0 shield
rNeg     . . .     Faith    .   (helmet restricted)
rPois    .         Spirit   .   (no amulet)
rElec    .         Reflect  .   f - ring of wizardry
rCorr    .         Harm     .   (no ring)
MR       .....                  (no ring)
Stlth    ++........             (no ring)
HPRegen  0.12/turn              (no ring)
MPRegen  0.09/turn              (no ring)
                                (no ring)
                                (no ring)

@: no status effects
A: almost no armour, stealthy swim, amphibious, 8 rings, constrict 8, camouflage
1, gelatinous body 1
a: no special abilities


You were on level 2 of the Dungeon.
You were not hungry.

You visited 1 branch of the dungeon, and saw 3 of its levels.

You collected 134 gold pieces.

Inventory:

Armour
 a - a +0 shield (worn)
Jewellery
 f - a ring of wizardry (left tentacle)
Scrolls
 d - 2 scrolls of noise {unknown}
 e - a scroll of fog {unknown}
 g - 2 scrolls of remove curse {unknown}
 j - 2 scrolls of identify {unknown}
 k - a scroll of enchant armour {unknown}
 n - a scroll of magic mapping {unknown}
 p - a scroll of fear {unknown}
Potions
 b - a potion of might
 h - a potion of lignification {unknown}
 i - a potion of cancellation {unknown}
 l - a potion of heal wounds {unknown}
 m - a potion of flight {unknown}
 o - a potion of curing {unknown}
Comestibles
 c - 5 rations


   Skills:
 - Level 3.0 Fighting
 - Level 3.0 Dodging
 + Level 6.4 Shields
 - Level 2.0 Unarmed Combat


You had 4 spell levels left.
You didn't know any spells.
Your spell library was empty.

Dungeon Overview and Level Annotations

Branches:
Dungeon (3/15)

Altars:

Annotations:
D:3 Natasha


Innate Abilities, Weirdness & Mutations

You cannot wear most types of armour.
You are very stealthy in the water. (Stealth+)
You are amphibious.
You can wear up to eight rings at the same time.
You can use your tentacles to constrict eight enemies at once.
Your skin changes colour to match your surroundings (Stealth+).
Your rubbery body absorbs attacks. (AC +1, EV +1)


Message History

The orc wizard is lightly wounded.
You constrict the orc wizard.
The orc wizard casts a spell.
The orc wizard flickers and vanishes!
You closely miss something. You constrict something. Something hits you.
You tentacle-slap something. x2; You constrict something.
You hear some strange, mumbled words.
A magic dart appears from out of thin air!
The magic dart hits you!
You release your grip on something.
A magic dart appears from out of thin air!
The magic dart hits you!
A magic dart appears from out of thin air!
The magic dart hits you!
* * * LOW HITPOINT WARNING * * *
Things that are here:
a robe; an enchanted club A magic dart appears from out of thin air!
The magic dart hits you!
You die...

# # ########### ...g....g.#
#####.###.# #.# #.# #.#
#.################
#####.###.##.............#
..........<.....@..[.....##
#####.....#############...##
#####.....# #....##
..........######## ##.....##
#####.......>....#####.......####
#.#..#######.................
#.#..# #######.......#### #.#..#
##.....## ## #.#).# #....##


There were no monsters in sight!

Vanquished Creatures
  A hound (D:2)
  An orc wizard (D:3)
  Jessica (D:2)
  5 gnolls (D:2)
  3 adders
  A worm (D:2)
  A dart slug (D:1)
  2 leopard geckos
  3 orcs (D:3)
  2 ball pythons (D:1)
  9 bats
  2 giant cockroaches
  8 goblins
  2 hobgoblins (D:2)
  A quokka (D:2)
  5 frilled lizards
  5 kobolds
  4 rats
56 creatures vanquished.

Notes
Turn   | Place    | Note
-------+----------+-------------------------------------------
     0 | D:1      | inc the Octopode Fighter began the quest for the Orb.
     0 | D:1      | Reached XP level 1. HP: 16/16 MP: 1/1
   124 | D:1      | Reached XP level 2. HP: 16/21 MP: 2/2
   474 | D:1      | Reached skill level 4 in Shields
   710 | D:2      | Reached XP level 3. HP: 22/26 MP: 3/3
   885 | D:2      | Reached XP level 4. HP: 22/31 MP: 4/4
  1278 | D:2      | Noticed Jessica
  1286 | D:2      | Killed Jessica
  1286 | D:2      | Reached skill level 5 in Shields
  1566 | D:2      | Reached XP level 5. HP: 35/36 MP: 5/5
  1781 | D:2      | Reached skill level 6 in Shields
  2120 | D:3      | Noticed Natasha
  2287 | D:2      | Killed from afar by an orc wizard

Skill      XL: |  1  2  3  4  5 |
---------------+----------------+-----
Shields        | 4 5 6 |  6.4
Fighting       | |  3.0
Dodging        | |  3.0
Unarmed Combat | |  2.0

Action                   |  1- 3 |  4- 6 || total
-------------------------+-------+-------++-------
Melee: Unarmed           |    72 |    80 ||   152
       Constrict         |    23 |    25 ||    48
       Tentacles         |    16 |    24 ||    40
       Punch             |       |     3 ||     3
 Stab: Sleeping          |     1 |     3 ||     4
  Eat: Chunk             |       |     4 ||     4
Armor: Skin              |     9 |     4 ||    13
Dodge: Dodged            |    50 |    26 ||    76
Block: Shield            |    41 |    30 ||    71
